[Event "Titled Tuesday Blitz November 08 Early 2022"]
[White "Jeet, Jain"]
[Black "Boros, Denes"]
[WhiteFideId "5073022"]
[BlackFideId "722340"]
[WhiteElo "2067"]
[BlackElo "2464"]
[Result "0-1"]
[Round "06"]
[TimeControl "180+1"]
[Date "2022.11.09"]
[WhiteClock "0:00:14"]
[BlackClock "0:00:23"]

1. Nf3 Nf6 2. b3 a5 3. a4 g6 4. Bb2 Bg7 5. d4 b6 6. g3 Bb7 7. Bg2 d6 8. O-O Nbd7 9. c4 O-O 10. Re1 e5 11. dxe5 Ng4 12. Nc3 dxe5 13. h3 Nh6 14. Nd5 Re8 15. e4 Nc5 16. Ba3 c6 17. Nc3 Qxd1 18. Raxd1 Nxb3 19. Rb1 Nd4 20. Rxb6 Ba6 21. c5 Nc2 22. Bc1 Nxe1 23. Nxe1 f6 24. Rxc6 Rec8 25. Rxc8+ Rxc8 26. Be3 Bf8 27. Nd5 Kf7 28. Bf1 Bxf1 29. Kxf1 Ng8 30. Nd3 Ne7 31. Nb6 Rd8 32. Ke2 Ke6 33. Nb2 Nc6 34. f4 Nd4+ 35. Kf2 Bxc5 36. N6c4 Rb8 37. Nd3 Bb4 38. fxe5 fxe5 39. Ndxe5 Nb3 40. Nd3 Rc8 41. Nf4+ Kf7 42. Ne5+ Ke8 43. Nd5 Bd6 44. Ng4 Kf7 45. e5 Bf8 46. Nf4 Nc5 47. Nf6 Ne6 48. N4d5 Rc4 49. Nb6 Rc3 50. Bd2 Bc5+ 51. Ke1 Rxg3 52. Bxa5 Rxh3 53. Nbd7 Bd4 54. Bd2 g5 55. a5 g4 56. a6 g3 57. Kf1 Rh2 58. Ng4 g2+ 59. Ke2 g1=Q+ 60. Nxh2 Qxh2+ 61. Kd3 Ba7 62. Bc3 Qh3+ 63. Kc4 Qf5 64. Nf6 h5 65. Nd5 Qe4+ 0-1


[Site "https://www.chess.com"]

[Event "Titled Tuesday Blitz November 08 Early 2022"]
[White "Jiang, Andrew"]
[Black "Perez Gormaz, Matias"]
[WhiteFideId "30953510"]
[BlackFideId "3406342"]
[WhiteElo "1868"]
[BlackElo "2341"]
[Result "0-1"]
[Round "06"]
[TimeControl "180+1"]
[Date "2022.11.09"]
[WhiteClock "0:00:21"]
[BlackClock "0:00:28"]

1. e4 c5 2. Nf3 e6 3. c3 d5 4. e5 Nc6 5. d4 Bd7 6. a3 Rc8 7. b4 cxd4 8. cxd4 Nge7 9. Bd3 Nf5 10. Bb2 Qb6 11. Bxf5 exf5 12. Nc3 Be6 13. O-O Be7 14. Rc1 O-O 15. Na4 Qd8 16. Qd3 b6 17. Rc2 Qd7 18. Nc3 Bxb4 19. axb4 Nxb4 20. Qd2 Nxc2 21. Qxc2 Rc4 22. Qd3 Rfc8 23. h4 h6 24. Ra1 a5 25. Ne2 Qb5 26. Ba3 Rc1+ 27. Nxc1 Rxc1+ 28. Rxc1 Qxd3 29. Bd6 b5 30. Ra1 Qc3 31. Ra3 Qc1+ 32. Kh2 a4 33. Bb4 Qb2 34. Bc5 Qxf2 35. Bb4 Qb2 36. Bc5 f4 37. Ne1 Qf2 38. Nf3 Bf5 39. Bb4 Be4 40. Kh3 Qg3# 0-1


[Site "https://www.chess.com"]

[Event "Titled Tuesday Blitz November 08 Early 2022"]
[White "Jones, Gawain C B"]
[Black "Harshavardhan G B"]
[WhiteFideId "409561"]
[BlackFideId "25059009"]
[WhiteElo "2657"]
[BlackElo "2333"]
[Result "1/2-1/2"]
[Round "06"]
[TimeControl "180+1"]
[Date "2022.11.08"]
[WhiteClock "0:00:10"]
[BlackClock "0:00:14"]

1. c4 Nf6 2. d4 g6 3. Nc3 Bg7 4. e4 d6 5. h3 O-O 6. Be3 e5 7. d5 a5 8. g4 Na6 9. Nge2 Nc5 10. Ng3 c6 11. g5 Nfd7 12. h4 cxd5 13. exd5 f5 14. gxf6 Nxf6 15. h5 Ng4 16. Bxc5 dxc5 17. Nce4 Qb6 18. hxg6 Qxb2 19. gxh7+ Kh8 20. Rb1 Qxa2 21. Be2 Nf6 22. Nc3 Qa3 23. Rb3 Qb4 24. d6 Be6 25. Rxb4 cxb4 26. Na4 Nd7 27. Ne4 Rac8 28. Ng5 Bf5 29. Qd5 Bg6 30. Qe6 Nf6 31. d7 Rcd8 32. Nb6 b3 33. Kd2 b2 34. Bd3 e4 35. Bb1 a4 36. Rd1 a3 37. Ke1 Bh5 38. Rd2 Bg4 39. Nf7+ Kxh7 40. Bxe4+ Nxe4 41. Qxe4+ Kg8 42. Nxd8 a2 43. Qxg4 b1=Q+ 44. Rd1 Qxd1+ 45. Qxd1 Rxd8 46. Qd5+ Kf8 47. Qf5+ Kg8 48. Qe6+ Kh7 49. Qh3+ Kg8 50. Qe6+ Kh7 51. Qe4+ Kg8 52. Qe8+ Rxe8+ 53. dxe8=Q+ Kh7 54. Qh5+ Kg8 55. Qd5+ Kh8 56. Qh1+ Kg8 57. Qd5+ Kh8 58. Qd8+ Kh7 59. Qh4+ Kg8 60. Qd8+ Kh7 61. Qd3+ Kh8 62. Qa3 a1=Q+ 63. Qxa1 Bxa1 64. Ke2 Kg7 65. Kd3 Kf6 66. Ke4 Ke6 67. f4 Kd6 68. Na4 Kc6 69. f5 Bf6 70. Kd3 b5 71. Nc3 bxc4+ 72. Kxc4 Bxc3 73. Kxc3 Kd6 74. Kd4 Ke7 75. Ke5 Kf7 76. Ke4 Kf6 77. Kf4 Kf7 78. Kg5 Kg7 79. f6+ Kf7 80. Kf5 Kf8 81. Ke5 Kf7 82. Kf5 Kf8 83. Ke6 Ke8 84. Ke5 Kf7 85. Kf5 1/2-1/2


[Site "https://www.chess.com"]

[Event "Titled Tuesday Blitz November 08 Early 2022"]
[White "Jumabayev, Rinat"]
[Black "Paravyan, David"]
[WhiteFideId "13702661"]
[BlackFideId "4194985"]
[WhiteElo "2561"]
[BlackElo "2546"]
[Result "0-1"]
[Round "06"]
[TimeControl "180+1"]
[Date "2022.11.08"]
[WhiteClock "0:00:03"]
[BlackClock "0:00:12"]

1. d4 Nf6 2. Bf4 g6 3. e3 Bg7 4. Nf3 O-O 5. Be2 d6 6. O-O Nh5 7. Bg5 h6 8. Bh4 c5 9. Ne1 Nf6 10. Nd2 cxd4 11. exd4 Nc6 12. c3 e5 13. dxe5 dxe5 14. Nc4 g5 15. Bg3 Ne4 16. Bf3 Nxg3 17. hxg3 Be6 18. Qe2 Rc8 19. Bxc6 Rxc6 20. Nxe5 Bxe5 21. Qxe5 Bc4 22. Nf3 Bxf1 23. Rxf1 Re8 24. Qf5 Qf6 25. Qd3 Rce6 26. Qd5 b6 27. g4 Qf4 28. Qd4 Qxd4 29. Nxd4 Re1 30. f3 Kh7 31. Kf2 Rxf1+ 32. Kxf1 Kg6 33. Kf2 h5 34. gxh5+ Kxh5 35. g4+ Kg6 36. a3 Kf6 37. Nb5 Re7 38. Nd4 a6 39. Nc6 Rc7 40. Nb4 Rd7 41. Ke3 a5 42. Nc6 Ke6 43. Nd4+ Kd5 44. Kd3 f6 45. a4 Rh7 46. b4 axb4 47. cxb4 Rh1 48. Nc2 Rd1+ 49. Ke2 Rb1 50. a5 bxa5 51. bxa5 Rb8 52. a6 Ra8 53. Kd3 Kc5 54. Ke4 Rxa6 55. Ne1 Re6+ 56. Kf5 Rxe1 57. Kxf6 Rf1 0-1


[Site "https://www.chess.com"]

[Event "Titled Tuesday Blitz November 08 Early 2022"]
[White "Kaplan, Avi Harrison"]
[Black "Do Nascimento,Christian Almeida"]
[WhiteFideId "30934559"]
[BlackFideId "2143801"]
[WhiteElo "1983"]
[BlackElo "2079"]
[Result "1-0"]
[Round "06"]
[TimeControl "180+1"]
[Date "2022.11.09"]
[WhiteClock "0:00:41"]
[BlackClock "0:00:02"]

1. d4 d5 2. c4 e6 3. Nc3 Nf6 4. cxd5 exd5 5. Bg5 c6 6. e3 Bd6 7. Bd3 O-O 8. Nge2 Re8 9. h3 Nbd7 10. O-O Nf8 11. Qc2 Bd7 12. Rad1 Rc8 13. f3 c5 14. Nxd5 cxd4 15. Qb1 Be7 16. Nxe7+ Qxe7 17. Nxd4 h6 18. Bf4 g5 19. Bg3 Qxe3+ 20. Bf2 Qf4 21. Bf5 Bxf5 22. Nxf5 h5 23. Nd6 Ng6 24. Nxc8 Rxc8 25. Qd3 g4 26. Qd4 Qg5 27. Be3 Qe5 28. Qxe5 Nxe5 29. Bd4 Ned7 30. fxg4 Nd5 31. gxh5 Nf8 32. h6 Nh7 33. Rd3 Rc2 34. Rg3+ Kf8 35. Rg7 Ndf6 36. Bxf6 Nxf6 37. Rxf6 Rc1+ 38. Kh2 1-0


[Site "https://www.chess.com"]

[Event "Titled Tuesday Blitz November 08 Early 2022"]
[White "Khaliun, Batnasan"]
[Black "Hasangatin, Ramil"]
[WhiteFideId "4906276"]
[BlackFideId "4122160"]
[WhiteElo "1752"]
[BlackElo "2362"]
[Result "0-1"]
[Round "06"]
[TimeControl "180+1"]
[Date "2022.11.09"]
[WhiteClock "0:00:06"]
[BlackClock "0:02:13"]

1. d4 d6 2. c4 e5 3. dxe5 dxe5 4. Qxd8+ Kxd8 5. Nf3 f6 6. Nc3 Be6 7. e3 Nd7 8. Ke2 c6 9. Ke1 Kc7 10. Be2 a5 11. b3 Bb4 12. Bd2 Nc5 13. h3 Rd8 14. g4 Rxd2 15. Nxd2 Bxc3 16. Rc1 Bb4 17. Rc2 Ne4 18. f3 Nxd2 19. Rxd2 Ne7 20. Kd1 Bxd2 21. Kxd2 Rd8+ 22. Kc2 Bf7 23. Kc3 Nc8 24. Bd3 Bg6 25. Be2 Nb6 26. a4 Nd7 27. h4 h6 28. h5 Bh7 29. Rg1 Nc5 30. Rc1 Nd3 31. Rf1 Nb4 32. Re1 Na2+ 33. Kb2 Rd2+ 34. Ka3 Nc3 35. Bf1 Ra2# 0-1


[Site "https://www.chess.com"]

[Event "Titled Tuesday Blitz November 08 Early 2022"]
[White "Khanin, Semen"]
[Black "Vidruska, Renate"]
[WhiteFideId "4111990"]
[BlackFideId "11601841"]
[WhiteElo "2458"]
[BlackElo "1877"]
[Result "1-0"]
[Round "06"]
[TimeControl "180+1"]
[Date "2022.11.09"]
[WhiteClock "0:01:36"]
[BlackClock "0:00:14"]

1. c4 Nf6 2. Nc3 e6 3. e4 d5 4. cxd5 exd5 5. e5 Ne4 6. Nf3 Nc6 7. h3 Bc5 8. d4 Bb4 9. Qc2 Bf5 10. Bd3 Nxc3 11. bxc3 Bxd3 12. Qxd3 Be7 13. O-O O-O 14. Nh2 Na5 15. f4 Nc4 16. f5 f6 17. Bf4 c5 18. Rae1 cxd4 19. cxd4 Qb6 20. Kh1 Rad8 21. Ng4 Kh8 22. exf6 Bxf6 23. Nxf6 Qxf6 24. Be5 Qf7 25. g4 Rde8 26. g5 Nxe5 27. dxe5 Qh5 28. Qg3 h6 29. gxh6 Qxh6 30. Rf4 Qc6 31. Rg1 Re7 32. f6 gxf6 33. Rh4+ Rh7 34. Qg7# 1-0


[Site "https://www.chess.com"]

[Event "Titled Tuesday Blitz November 08 Early 2022"]
[White "Kim, Sergey"]
[Black "Rios Escobar, Adan"]
[WhiteFideId "13700570"]
[BlackFideId "3403645"]
[WhiteElo "2605"]
[BlackElo "2365"]
[Result "1-0"]
[Round "06"]
[TimeControl "180+1"]
[Date "2022.11.09"]
[WhiteClock "0:01:43"]
[BlackClock "0:00:11"]

1. d4 Nf6 2. c4 g6 3. Nc3 Bg7 4. e4 d6 5. Nge2 O-O 6. Ng3 a6 7. a4 h5 8. h4 a5 9. Be2 Na6 10. Ra3 Nb4 11. f3 c6 12. Be3 d5 13. e5 Ne8 14. Qd2 Nc7 15. c5 b6 16. cxb6 Ne6 17. f4 Bh6 18. O-O Qxb6 19. Bxh5 gxh5 20. Nf5 Bg7 21. Nxe7+ Kh7 22. Qe2 f5 23. Qxh5+ Bh6 24. Qg6+ Kh8 25. Qxh6# 1-0


[Site "https://www.chess.com"]

[Event "Titled Tuesday Blitz November 08 Early 2022"]
[White "Kirillov, Dmitry"]
[Black "Fernandez Siles, Luis"]
[WhiteFideId "34180572"]
[BlackFideId "2209420"]
[WhiteElo "2095"]
[BlackElo "2186"]
[Result "0-1"]
[Round "06"]
[TimeControl "180+1"]
[Date "2022.11.09"]
[WhiteClock "0:00:03"]
[BlackClock "0:00:04"]

1. e4 c5 2. Nc3 Nc6 3. f4 g6 4. Nf3 Bg7 5. Bc4 e6 6. e5 d5 7. exd6 Nf6 8. Ne5 O-O 9. d3 Nd4 10. O-O Qxd6 11. a4 b6 12. Be3 Bb7 13. Nb5 Nxb5 14. axb5 Nd5 15. Bd2 Nxf4 16. Bxf4 Bxe5 17. Bh6 Qd4+ 18. Rf2 Bxh2+ 19. Kf1 Rfd8 20. Bg5 Rd7 21. Qd2 Bg3 22. Re2 Qg4 23. Qe3 Bh4 24. Bxh4 Qxh4 25. Qf2 Qh1+ 26. Qg1 Qh4 27. Qf2 Qh1+ 28. Qg1 Qh5 29. Rf2 Rd4 30. c3 Rh4 0-1


[Site "https://www.chess.com"]

[Event "Titled Tuesday Blitz November 08 Early 2022"]
[White "Kollars, Dmitrij"]
[Black "Perez Ponsa, Federico"]
[WhiteFideId "12909572"]
[BlackFideId "117927"]
[WhiteElo "2584"]
[BlackElo "2606"]
[Result "1/2-1/2"]
[Round "06"]
[TimeControl "180+1"]
[Date "2022.11.08"]
[WhiteClock "0:00:11"]
[BlackClock "0:00:14"]

1. c4 e6 2. Nc3 d5 3. d4 Nf6 4. cxd5 Nxd5 5. e4 Nxc3 6. bxc3 c5 7. Rb1 cxd4 8. cxd4 Be7 9. Nf3 O-O 10. Bc4 Nd7 11. O-O Nf6 12. Qe2 b6 13. Bf4 Bb7 14. Bd3 Nh5 15. Be5 Bd6 16. Qe3 f6 17. Bg3 Nxg3 18. hxg3 Rc8 19. Rfc1 Qe7 20. Qe2 Rxc1+ 21. Rxc1 Rc8 22. Rxc8+ Bxc8 23. Ba6 Bd7 24. Bb5 Qe8 25. Bxd7 Qxd7 26. Qc4 b5 27. Qc3 Kf7 28. Qa5 Qb7 29. d5 exd5 30. exd5 Qxd5 31. Qxa7+ Be7 32. Qa5 Qd1+ 33. Kh2 b4 34. Qf5 g6 35. Ng5+ Ke8 36. Qc8+ Qd8 37. Qc6+ Qd7 38. Qa8+ Qd8 39. Qc6+ Qd7 40. Qa8+ Qd8 41. Qc6+ 1/2-1/2


[Site "https://www.chess.com"]

[Event "Titled Tuesday Blitz November 08 Early 2022"]
[White "Kopylov, Alexander A."]
[Black "Putnam, Liam"]
[WhiteFideId "4164857"]
[BlackFideId "30938279"]
[WhiteElo "2436"]
[BlackElo "2082"]
[Result "1/2-1/2"]
[Round "06"]
[TimeControl "180+1"]
[Date "2022.11.08"]
[WhiteClock "0:00:19"]
[BlackClock "0:00:07"]

1. e4 c5 2. Nf3 d6 3. Bb5+ Bd7 4. Bxd7+ Qxd7 5. O-O Nf6 6. e5 dxe5 7. Nxe5 Qc7 8. Re1 e6 9. Nc3 a6 10. d4 Bd6 11. Bf4 cxd4 12. Qxd4 Nc6 13. Nxc6 Bxf4 14. Ne5 Bxe5 15. Qxe5 Qxe5 16. Rxe5 O-O-O 17. f3 Rd2 18. Re2 Rhd8 19. Kf2 b5 20. Ke1 R2d4 21. Rd1 Rxd1+ 22. Nxd1 Nd5 23. g3 Kc7 24. Ne3 Nb4 25. a3 Nc6 26. Rd2 Rxd2 27. Kxd2 Nd4 28. f4 Nf3+ 29. Ke2 Nxh2 30. g4 Kd7 31. Kf2 f5 32. gxf5 exf5 33. Nxf5 Ng4+ 34. Kf3 Nf6 35. Nxg7 Kd6 36. Nf5+ Ke6 37. Nh6 a5 38. Ng4 Nd7 39. Ke4 Nc5+ 40. Kd4 Nd7 41. Ne3 h5 42. b3 h4 43. Ke4 b4 44. axb4 axb4 45. Kf3 Nf6 46. Ng2 h3 47. Ne3 Nd5 48. Ng4 Kf5 49. Nh6+ Kg6 50. Ng4 Kf5 51. Nf2 Nxf4 52. Kg3 Ne2+ 53. Kxh3 Nd4 54. Kg3 Nxc2 55. Kf3 Nd4+ 56. Ke3 Nxb3 57. Kd3 Na5 58. Kd4 Ke6 59. Nd3 b3 60. Kc3 Kd5 61. Nc1 b2 62. Kxb2 1/2-1/2


[Site "https://www.chess.com"]

[Event "Titled Tuesday Blitz November 08 Early 2022"]
[White "Koridze, Lile"]
[Black "Shuvalova, Polina"]
[WhiteFideId "13612514"]
[BlackFideId "24171760"]
[WhiteElo "2050"]
[BlackElo "2342"]
[Result "1-0"]
[Round "06"]
[TimeControl "180+1"]
[Date "2022.11.09"]
[WhiteClock "0:00:09"]
[BlackClock "0:00:02"]

1. d4 Nf6 2. c4 e6 3. Nf3 d5 4. g3 Bb4+ 5. Bd2 Be7 6. Bg2 Nbd7 7. O-O O-O 8. Qc2 c6 9. Rd1 a5 10. Nc3 dxc4 11. a4 Nd5 12. Ne5 Nxe5 13. dxe5 Qc7 14. Qe4 b6 15. Qxc4 Ba6 16. Qe4 Rad8 17. Bf4 Nxc3 18. bxc3 c5 19. Rab1 h6 20. c4 Rd7 21. Rxd7 Qxd7 22. Rxb6 Bc8 23. Qc2 Rd8 24. Be4 g5 25. Be3 Qc7 26. Qb2 Bd7 27. Rb7 Qc8 28. Qb6 Bf8 29. Rc7 Qb8 30. Qxb8 Rxb8 31. Rxd7 Rb4 32. Bc6 Rxc4 33. Bb5 Re4 34. Ra7 c4 35. Rc7 Rxe5 36. Rxc4 Bb4 37. Bd4 Rd5 38. Rc8+ Kh7 39. Bd3+ f5 40. Bc3 Kg6 41. Bxb4 axb4 42. Rb8 Rd4 43. a5 Kf6 44. a6 Rd7 45. Rxb4 Ke5 46. Rb7 Rd8 47. a7 Ra8 48. Bb5 Kd6 49. Rh7 Kc5 50. Bd3 Kb6 51. Rxh6 Kxa7 52. Rxe6 Rf8 53. Re5 f4 54. Rxg5 fxg3 55. hxg3 Kb6 56. Kg2 Kc7 57. Rf5 Ra8 58. g4 Kd6 59. g5 Ra4 60. Kf3 Ke6 61. Rb5 Rd4 62. g6 Kf6 63. Rb6+ Kg7 64. Ke3 Rd7 65. f4 Re7+ 66. Kf3 Rc7 67. f5 Rc1 68. f6+ Kh6 69. g7 Rf1+ 70. Kg2 Rf4 71. f7+ Kh5 72. Rh6+ Kxh6 73. g8=Q Rg4+ 74. Kf3 Rg7 75. Qh8+ Rh7 76. Qxh7+ Kg5 77. Qg6+ Kh4 78. Qg4# 1-0


[Site "https://www.chess.com"]

[Event "Titled Tuesday Blitz November 08 Early 2022"]
[White "Kosteniuk, Alexandra"]
[Black "Khamdamova, Afruza"]
[WhiteFideId "4128125"]
[BlackFideId "14210444"]
[WhiteElo "2469"]
[BlackElo "2018"]
[Result "1-0"]
[Round "06"]
[TimeControl "180+1"]
[Date "2022.11.09"]
[WhiteClock "0:00:37"]
[BlackClock "0:00:01"]

1. e4 e5 2. Nf3 Nf6 3. Nxe5 d6 4. Nf3 Nxe4 5. d3 Nf6 6. d4 d5 7. Bd3 Bd6 8. Qe2+ Qe7 9. Qxe7+ Bxe7 10. Bf4 c6 11. h3 O-O 12. Nbd2 h6 13. O-O Be6 14. c3 Nbd7 15. a4 a5 16. Rfe1 Rfe8 17. Nb3 Nb6 18. Bc7 Nc4 19. Re2 Bd8 20. Bh2 b5 21. Nc5 Bc8 22. b3 Rxe2 23. Bxe2 Nb6 24. axb5 cxb5 25. Bxb5 Be7 26. Re1 Kf8 27. Bc7 Nbd7 28. Na4 Ra7 29. Bg3 Ba6 30. Bxa6 Rxa6 31. c4 Ra7 32. c5 Ra6 33. Ne5 Nxe5 34. Bxe5 Ne4 35. Re2 Ng5 36. Rc2 Rc6 37. Nc3 f6 38. Bf4 Ne6 39. Be3 Nc7 40. Kf1 g5 41. Ra2 Ra6 42. Ke2 f5 43. Kd3 f4 44. Bd2 Bf6 45. f3 Kf7 46. Ne2 Ne6 47. Rxa5 Rc6 48. b4 Rc8 49. b5 1-0


[Site "https://www.chess.com"]

[Event "Titled Tuesday Blitz November 08 Early 2022"]
[White "Kostiukov, Alexandr"]
[Black "Kuchava, Ana"]
[WhiteFideId "14108100"]
[BlackFideId "13605348"]
[WhiteElo "2202"]
[BlackElo "2001"]
[Result "0-1"]
[Round "06"]
[TimeControl "180+1"]
[Date "2022.11.09"]
[WhiteClock "0:00:11"]
[BlackClock "0:00:09"]

1. g3 d5 2. Bg2 Nf6 3. d3 c5 4. e4 dxe4 5. dxe4 Qxd1+ 6. Kxd1 Nc6 7. f3 e5 8. Be3 Be7 9. Nd2 O-O 10. c3 Be6 11. Bh3 Bxh3 12. Nxh3 Rfd8 13. Ke2 Ne8 14. a4 Rac8 15. Nc4 f6 16. Rhd1 Rxd1 17. Rxd1 Rd8 18. Rd5 Kf7 19. Nf2 b6 20. f4 exf4 21. gxf4 Ke6 22. f5+ Kf7 23. Bf4 g6 24. Ng4 g5 25. Rxd8 Bxd8 26. Nd6+ Nxd6 27. Bxd6 Be7 28. Bc7 Bd8 29. Bxd8 Nxd8 30. Kd3 h5 31. Ne3 Nc6 32. Nc4 Ke7 33. Ke3 Kd7 34. h3 Kc7 35. Ke2 a6 36. Ne3 Ne7 37. c4 b5 38. axb5 axb5 39. b3 bxc4 40. bxc4 Kd6 41. Kf3 Nc6 42. Ke2 Ke5 43. Kd3 Nb4+ 44. Ke2 Kxe4 45. Ng2 Kxf5 46. Ne3+ Ke4 47. Nd1 f5 48. Kd2 Kd4 49. Ne3 f4 50. Nf5+ Kxc4 51. h4 gxh4 52. Nxh4 Kd4 53. Nf5+ Ke4 54. Nd6+ Kf3 55. Kc3 Nd5+ 56. Kc4 Nf6 57. Kxc5 Ne4+ 58. Nxe4 Kxe4 0-1


[Site "https://www.chess.com"]

[Event "Titled Tuesday Blitz November 08 Early 2022"]
[White "Kovalev, Vladislav"]
[Black "Dubov, Daniil"]
[WhiteFideId "13504398"]
[BlackFideId "24126055"]
[WhiteElo "2556"]
[BlackElo "2791"]
[Result "0-1"]
[Round "06"]
[TimeControl "180+1"]
[Date "2022.11.08"]
[WhiteClock "0:00:04"]
[BlackClock "0:00:23"]

1. e4 e5 2. Nf3 Nc6 3. Bb5 a6 4. Ba4 Nf6 5. O-O Bc5 6. d3 b5 7. Bb3 d6 8. a3 O-O 9. Nc3 h6 10. Nd5 Rb8 11. Be3 Nxd5 12. Bxd5 Bxe3 13. fxe3 Ne7 14. Ba2 Be6 15. Bxe6 fxe6 16. a4 b4 17. Nd2 Rxf1+ 18. Qxf1 Qd7 19. Qe2 Nc6 20. Qg4 Rf8 21. b3 Nd8 22. Rf1 Rxf1+ 23. Kxf1 Qc6 24. Nc4 d5 25. exd5 exd5 26. Nxe5 Qxc2 27. d4 Qxb3 28. Qd7 Qd1+ 29. Kf2 Qc2+ 30. Kg3 b3 31. Qxd8+ Kh7 32. Nd7 Qg6+ 33. Kf3 Qh5+ 34. Kf2 Qg5 35. Ke2 Qxd8 0-1


[Site "https://www.chess.com"]

[Event "Titled Tuesday Blitz November 08 Early 2022"]
[White "Kowalczyk, Pawel"]
[Black "Liang, Awonder"]
[WhiteFideId "1130641"]
[BlackFideId "2056437"]
[WhiteElo "2324"]
[BlackElo "2508"]
[Result "0-1"]
[Round "06"]
[TimeControl "180+1"]
[Date "2022.11.08"]
[WhiteClock "0:00:46"]
[BlackClock "0:01:57"]

1. e4 a5 2. Nf3 a4 3. d4 e6 4. Bd3 b6 5. O-O Bb7 6. c4 d6 7. Nc3 Nd7 8. Nxa4 g6 9. Nc3 Bg7 10. Re1 Ne7 11. b3 h6 12. Bb2 g5 13. h3 Ng6 14. Bf1 h5 15. Nh2 g4 16. d5 gxh3 17. g3 h4 18. Na4 Bxb2 19. Nxb2 hxg3 20. fxg3 Qg5 21. Qf3 Rg8 22. Qe3 Nge5 23. Qxg5 Rxg5 24. Re3 Rh5 25. g4 Rh4 26. Rxh3 Rxh3 27. Bxh3 Nc5 28. a4 Nxb3 29. Ra3 Nc5 30. Bg2 Ke7 31. Kf2 Bc8 32. Nf3 Nxg4+ 33. Kg3 e5 34. Bh3 Nxe4+ 35. Kh4 Ngf6 36. Bxc8 Rxc8 37. a5 Rh8# 0-1


[Site "https://www.chess.com"]

[Event "Titled Tuesday Blitz November 08 Early 2022"]
[White "Koziorowicz, Michal"]
[Black "Jodorcovsky Werjivker, Paulo"]
[WhiteFideId "21809194"]
[BlackFideId "3700305"]
[WhiteElo "2174"]
[BlackElo "2120"]
[Result "1-0"]
[Round "06"]
[TimeControl "180+1"]
[Date "2022.11.09"]
[WhiteClock "0:00:21"]
[BlackClock "0:00:12"]

1. e4 e5 2. Nf3 Nc6 3. Nc3 Nf6 4. Nxe5 Nxe5 5. d4 Ng6 6. e5 d6 7. exf6 Qxf6 8. Be3 Be7 9. Bd3 c6 10. O-O O-O 11. Ne4 Qh4 12. Re1 f5 13. Nd2 f4 14. Nf3 Qh5 15. Bd2 Bd8 16. c3 Bg4 17. Qb3+ Kh8 18. Be2 Nh4 19. Nxh4 Bxe2 20. Nf5 Qxf5 21. Rxe2 f3 22. Re3 Qg4 23. g3 Bg5 24. Kh1 Bxe3 25. Bxe3 Qh3 26. Rg1 Rae8 27. c4 Rf5 28. g4 Rf4 29. Rg3 Qh4 30. Qxb7 Rxg4 31. Qxc6 Rg8 32. Qxf3 Rxg3 33. fxg3 Qe7 34. Bf4 Re8 35. Kg2 h6 36. Kh3 g5 37. Bd2 Qe6+ 38. Qg4 Qg6 39. c5 Rg8 40. d5 h5 41. Bc3+ Kh7 42. Qd7+ Kh6 43. Qxd6 g4+ 44. Kg2 Qxd6 45. cxd6 Rd8 46. Be5 Kg5 47. Kf2 Kf5 48. Bf4 Ke4 49. Ke2 Kxd5 50. Kd3 Rb8 51. b3 Rd8 52. Kc3 a5 53. a3 Rb8 54. b4 axb4+ 55. axb4 Rc8+ 56. Kd3 Rb8 57. b5 Ke6 58. Kc4 Rc8+ 59. Kd4 Kd7 60. Kd5 Rc2 61. Be5 Rxh2 62. b6 Rd2+ 63. Kc5 Rc2+ 64. Kb5 Rc1 65. b7 Rb1+ 66. Ka6 Rb3 67. Ka7 Ra3+ 68. Kb8 Kc6 69. Kc8 Rf3 70. d7 Rf8+ 71. d8=Q Rxd8+ 72. Kxd8 Kxb7 73. Bf6 Kc6 74. Bh4 Kd5 75. Ke7 Ke5 76. Kf7 Kf5 77. Kg7 Ke5 78. Kh6 Kf5 79. Kxh5 Ke6 80. Kxg4 Kf7 81. Kg5 Kg8 82. Kg6 Kh8 83. Bf6+ Kg8 84. g4 Kf8 85. Kh7 Kf7 86. Bc3 Ke6 87. g5 Kf7 88. g6+ Ke7 89. g7 Kd6 90. g8=Q 1-0


[Site "https://www.chess.com"]

[Event "Titled Tuesday Blitz November 08 Early 2022"]
[White "Krzyzanowski, Marcin"]
[Black "Anton Guijarro, David"]
[WhiteFideId "1132199"]
[BlackFideId "2285525"]
[WhiteElo "2435"]
[BlackElo "2579"]
[Result "0-1"]
[Round "06"]
[TimeControl "180+1"]
[Date "2022.11.08"]
[WhiteClock "0:00:01"]
[BlackClock "0:00:50"]

1. Nf3 c5 2. e4 Nc6 3. Bb5 e6 4. Bf1 Nf6 5. d3 d5 6. Nbd2 Be7 7. g3 e5 8. Bg2 d4 9. O-O h6 10. Nc4 Qc7 11. a4 g5 12. c3 Be6 13. cxd4 cxd4 14. Na3 a6 15. Bd2 Rc8 16. Rc1 Bxa3 17. bxa3 Qd6 18. Bb4 Nxb4 19. Rxc8+ Bxc8 20. axb4 O-O 21. Qc2 Bd7 22. Qc5 Qxc5 23. bxc5 Re8 24. Nd2 Bxa4 25. Nc4 Bb5 26. Nd6 Ra8 27. Rb1 Bc6 28. Nxb7 Nd7 29. Na5 Bb5 30. c6 Nc5 31. Bh3 Kf8 32. c7 Ne6 33. Bxe6 fxe6 34. Rc1 Rc8 35. Rc5 Ke7 36. Nc4 Bxc4 37. Rxc4 Kd7 38. Ra4 Ra8 39. Ra5 Kxc7 40. Rxe5 a5 41. Rxe6 a4 42. Re5 Kc6 43. Rc5+ Kxc5 0-1


[Site "https://www.chess.com"]

[Event "Titled Tuesday Blitz November 08 Early 2022"]
[White "Kukula, Pawel"]
[Black "Matveeva, Olga"]
[WhiteFideId "1115081"]
[BlackFideId "24107018"]
[WhiteElo "2046"]
[BlackElo "2055"]
[Result "1-0"]
[Round "06"]
[TimeControl "180+1"]
[Date "2022.11.09"]
[WhiteClock "0:00:52"]
[BlackClock "0:00:16"]

1. c4 Nf6 2. g3 g6 3. Bg2 Bg7 4. Nc3 O-O 5. Nf3 d6 6. O-O c5 7. d3 Nc6 8. a3 a5 9. Rb1 Bd7 10. Ne1 e6 11. Nc2 Rb8 12. b4 axb4 13. axb4 Ne8 14. Bd2 Nc7 15. Ne4 Qe7 16. Bf4 e5 17. Bg5 f6 18. Bd2 b5 19. bxc5 dxc5 20. cxb5 Nxb5 21. Ne3 Nbd4 22. Rxb8 Rxb8 23. Nd5 Qe6 24. Nxc5 Qf7 25. Nxd7 Qxd7 26. Nc3 Rb2 27. Bc1 Rc2 28. Bd2 Rb2 29. e3 Nb3 30. Bd5+ Kh8 31. Bxb3 Qxd3 32. Be1 Nb4 33. Qxd3 Nxd3 34. Bc4 Nxe1 35. Rxe1 Rc2 36. Rb1 Bf8 37. Rb3 Kg7 38. Bf1 1-0


[Site "https://www.chess.com"]

[Event "Titled Tuesday Blitz November 08 Early 2022"]
[White "Ladan, Nicholas"]
[Black "Prydun, Andriy"]
[WhiteFideId "30918855"]
[BlackFideId "14145898"]
[WhiteElo "2167"]
[BlackElo "2163"]
[Result "1-0"]
[Round "06"]
[TimeControl "180+1"]
[Date "2022.11.09"]
[WhiteClock "0:00:09"]
[BlackClock "0:00:01"]

1. e4 c6 2. d4 d5 3. exd5 cxd5 4. Bd3 Nf6 5. c3 Nc6 6. h3 e5 7. dxe5 Nxe5 8. Bb5+ Bd7 9. Qe2 Bxb5 10. Qxb5+ Qd7 11. Qxd7+ Kxd7 12. Ne2 Nd3+ 13. Kf1 Bc5 14. Nd2 Bxf2 15. Nf4 Nxf4 16. Kxf2 Rhe8 17. Nf3 Nd3+ 18. Kg3 Ne4+ 19. Kh2 Nef2 20. Rf1 f6 21. Nd4 Re5 22. Bf4 Nxf4 23. Rxf2 Nd3 24. Rd2 Nc5 25. Nf3 Rf5 26. Rad1 Re8 27. b4 Ne6 28. Rxd5+ Rxd5 29. Rxd5+ Kc6 30. Rh5 h6 31. c4 Ng5 32. Nd4+ Kd7 33. h4 Ne6 34. Nb5 Nf4 35. Rc5 Re2 36. Rc7+ Kd8 37. Rxg7 a6 38. Nd6 b5 39. c5 Rb2 40. c6 Ne6 41. Rd7# 1-0


[Site "https://www.chess.com"]

[Event "Titled Tuesday Blitz November 08 Early 2022"]
[White "Lakshmi C"]
[Black "Skibbe, Willi"]
[WhiteFideId "25035347"]
[BlackFideId "4682190"]
[WhiteElo "1865"]
[BlackElo "2369"]
[Result "1-0"]
[Round "06"]
[TimeControl "180+1"]
[Date "2022.11.09"]
[WhiteClock "0:00:10"]
[BlackClock "0:00:04"]

1. e4 e5 2. Nf3 Nc6 3. g3 Nf6 4. Qe2 Bc5 5. Bg2 O-O 6. O-O d6 7. h3 h6 8. c3 a5 9. Rd1 Re8 10. d3 d5 11. Be3 d4 12. Bd2 Bf8 13. cxd4 Nxd4 14. Nxd4 Qxd4 15. Nc3 c5 16. Nb5 Qd7 17. a4 b6 18. f4 Ba6 19. fxe5 Rxe5 20. Bf4 Ree8 21. Nc7 Bd6 22. Nxe8 Rxe8 23. Bxd6 Qxd6 24. Qf2 Bxd3 25. Qe3 c4 26. b3 Qe5 27. bxc4 Bxe4 28. Re1 Qc7 29. Qc3 Qc6 30. Bxe4 Nxe4 31. Qd4 f5 32. Re3 Re7 33. Rf1 Rd7 34. Qe5 Qxc4 35. Qxf5 Nd2 36. Qf8+ Kh7 37. Qf5+ Kg8 38. Re8# 1-0


[Site "https://www.chess.com"]